 Dungeon Crawl Stone Soup version 0.25.1-2-g60ff931df9 (webtiles) character file.

Game seed: 10167359551030002422

6782 Almogavar the Carver (level 10, -9/90 HPs)
             Began as a Minotaur Berserker on Sept 7, 2020.
             Was a High Priest of Trog.
             Mangled by a skeletal warrior
             ... wielding a +0 long sword
              (16 damage)
             ... on level 8 of the Dungeon.
             The game lasted 00:37:32 (9145 turns).

Almogavar the Carver (Minotaur Berserker)           Turns: 9145, Time: 00:37:33

Health: -9/90      AC: 13    Str: 25    XL:     10   Next: 76%
Magic:  0/9        EV:  5    Int:  4    God:    Trog [*****.]
Gold:   526        SH:  0    Dex: 10    Spells: 9/9 levels left

rFire    . . .     SeeInvis .   a - +4 falchion (freeze)
rCold    . . .     Gourm    .   n - +2 buckler
rNeg     . . .     Faith    .   I - +0 chain mail of Decompression {rElec} (curse)
rPois    .         Spirit   +   i - +1 hat
rElec    +         Reflect  .   (no cloak)
rCorr    .         Harm     .   f - +0 pair of gloves
MR       +....     Rnd*Tele +   (no boots)
Stlth    ..........             x - amulet of guardian spirit
HPRegen  0.25/turn              C - +4 ring of slaying
MPRegen  0.11/turn              E - ring "Jiyly" {*Tele MR+ Stlth+}

@: berserk cooldown, held, slowed, very slow
A: retaliatory headbutt, horns 2
a: Berserk, Trog's Hand, Brothers in Arms, Renounce Religion


You were on level 8 of the Dungeon.
You worshipped Trog.
Trog was extremely pleased with you.
You were very hungry.

You visited 1 branch of the dungeon, and saw 8 of its levels.
You also visited: Ossuary.

You collected 526 gold pieces.

Inventory:

Hand Weapons
 a - a +4 falchion of freezing (weapon)
 h - a +0 hunting sling
Missiles
 e - 87 sling bullets
 l - 297 stones (quivered)
 y - 3 boomerangs of dispersal
Armour
 f - a +0 pair of gloves (worn)
 g - the +1 kite shield of Mirhiph {rElec}
   (You took it off a gnoll sergeant on level 6 of the Dungeon)

   It insulates you from electricity.
 i - a +1 hat (worn)
 n - a +2 buckler (worn)
 I - the cursed +0 chain mail of Decompression (worn) {rElec}
   (You found it on level 6 of the Dungeon)

   It insulates you from electricity.
   It has a curse placed upon it.
Jewellery
 m - an uncursed ring of protection from cold {unknown}
 v - an uncursed ring of see invisible
 x - an amulet of guardian spirit (around neck)
 C - a +4 ring of slaying (left hand)
 E - the ring "Jiyly" (right hand) {*Tele MR+ Stlth+}
   (You found it in an ossuary)

   [ring of teleportation]

   It may teleport you next to monsters.
   It affects your resistance to hostile enchantments.
   It makes you more stealthy.
 G - an uncursed ring of resist corrosion
Wands
 b - a wand of disintegration (16)
 u - a wand of iceblast (11)
 A - a wand of paralysis (12)
Scrolls
 d - 2 scrolls of enchant weapon
 j - a scroll of remove curse
 p - 3 scrolls of fear
 q - 3 scrolls of teleportation
 B - a scroll of fog
Potions
 k - a potion of haste
 o - 5 potions of curing
 r - a potion of magic
 s - 2 potions of ambrosia
 t - 2 potions of flight {unknown}
 w - 2 potions of mutation {unknown}
 z - 3 potions of lignification {unknown}
 D - 2 potions of invisibility {unknown}
 F - a potion of experience {unknown}
 H - 2 potions of berserk rage {unknown}
Comestibles
 c - 13 rations


   Skills:
 + Level 8.9 Fighting
 + Level 11.8 Long Blades
 + Level 6.5 Slings
 + Level 9.4 Armour
 + Level 4.9 Dodging
 + Level 5.7 Shields


You had 9 spell levels left.
You didn't know any spells.
Your spell library was empty.

Dungeon Overview and Level Annotations

Branches:
Dungeon (8/15)             Temple (0/1) D:7            Lair (0/6) D:8
Ossuary (visited)

Altars:
Elyvilon
Hepliaklqana
Qazlal
Trog
Uskayaw
Yredelemnul

Shops:
D:5 (   D:8 =*


Innate Abilities, Weirdness & Mutations

You reflexively headbutt those who attack you in melee.
You have a pair of horns on your head.


Message History

Your headbutt misses the skeletal warrior.
The skeletal warrior is severely damaged.
The skeletal warrior throws a throwing net.
The throwing net hits you.
You become entangled in the net!
The skeletal warrior hits you with a +0 long sword!
* * * LOW HITPOINT WARNING * * *
You see here a throwing net.
You tear a large gash into the net.
The skeletal warrior hits you with a +0 long sword!
* * * LOW HITPOINT WARNING * * *
The skeletal warrior hits you from afar with a +0 trident!
* * * LOW HITPOINT WARNING * * *
The skeletal warrior hits you with a +0 long sword.
* * * LOW HITPOINT WARNING * * *
It was a potion of curing.
You feel better. The orc hits you but does no damage.
The skeletal warrior hits you from afar with a +0 trident.
* * * LOW HITPOINT WARNING * * *
The skeletal warrior hits you with a +0 long sword!
You die...

....#+#...# .# #<.. ....#.#...#
##.# ####### .≈≈.#.#...###
######..# #...... ≈≈≈.#.......#
###......####.#.#..
≈≈≈.#.#.###.###.#......##.....#..
....#>......[.[..................
....#.#...[##.#......(..#.###..#.
....#.#...###.#z#o.[....#........
....#........zz.@####.#.####....>
....########.##[......#.hz.#...#z
....# #(###.####.####z##.##.
##### # #z# #.# #.. #.......
#.#z###.# ### ####.##. #.[)[##.#
#o##. #.#.......# #.h..
#.#.(.##..# #.... . #..... ..
##).z


You could see 3 skeletal warriors and an orc.

Vanquished Creatures
  A skeletal warrior (D:8)
  The ghost of Alannah the Sneak, a novice MfAs of Okawaru (D:5)
  The ghost of Quickbrownfox the Chiller, a novice GrIE (D:6)
  Grinder (D:3)
  A hippogriff (D:7)
  Sigmund (D:4)
  2 soldier ants (D:8)
  An orc warrior (D:6)
  A water moccasin (D:6)
  2 ice beasts
  2 sky beasts
  A black bear (D:7)
  3 necrophages
  3 ogres
  4 phantoms
  2 centaurs
  A big kobold (D:7)
  4 bullfrogs
  3 gnoll sergeants (D:6)
  12 scorpions
  3 killer bees (D:5)
  2 vampire bats (D:3)
  7 wights (D:8)
  A howler monkey (D:2)
  2 crimson imps (D:5)
  3 centaur zombies
  4 orc priests
  2 hounds
  5 orc wizards
  2 gnoll shamans
  Jessica (D:3)
  A human zombie (Ossuary)
  3 iguanas
  Natasha (thrice) (D:3)
  8 worker ants
  4 big kobold zombies (Ossuary)
  A hound skeleton (D:4)
  3 mummies (Ossuary)
  A worker ant zombie (D:8)
  16 gnolls
  7 adders
  3 scorpion zombies (Ossuary)
  3 shadow imps
  2 adder zombies (D:5)
  An adder skeleton (D:8)
  5 worms
  3 dart slugs
  5 leopard geckos
  22 orcs
  16 bats
  2 giant cockroaches
  A gnoll zombie (Ossuary)
  5 hobgoblins
  8 jackals (D:1)
  6 quokkas
  A ball python (D:1)
  4 frilled lizards
  10 goblins
  2 goblin zombies (Ossuary)
  3 hobgoblin zombies (Ossuary)
  9 kobolds
  2 kobold zombies (Ossuary)
  A leopard gecko skeleton (D:5)
  7 rats
247 creatures vanquished.

Vanquished Creatures (others)
  6 plants (D:6)
6 creatures vanquished.

Grand Total: 253 creatures vanquished

Notes
Turn   | Place    | Note
-------+----------+-------------------------------------------
     0 | D:1      | Almogavar the Minotaur Berserker began the quest for the
                  | Orb.
     0 | D:1      | Reached XP level 1. HP: 19/19 MP: 0/0
   231 | D:1      | Reached XP level 2. HP: 24/27 MP: 1/1
   342 | D:1      | Reached skill level 4 in Long Blades
   368 | D:1      | Reached ** piety under Trog
   769 | D:2      | Reached XP level 3. HP: 34/34 MP: 2/2
   830 | D:2      | Found a white marble altar of Elyvilon.
   856 | D:2      | Found a transporter.
   858 | D:2      | Noticed a phantom
  1023 | D:2      | Found a basalt altar of Yredelemnul.
  1351 | D:2      | Reached skill level 1 in Slings
  1359 | D:2      | Found a stormy altar of Qazlal.
  1376 | D:2      | Found a transporter.
  1604 | D:2      | Reached XP level 4. HP: 41/41 MP: 3/3
  1609 | D:2      | Reached skill level 5 in Long Blades
  1609 | D:2      | Reached XP level 5. HP: 47/47 MP: 4/4
  1637 | D:2      | Killed a phantom
  1637 | D:2      | Reached skill level 5 in Fighting
  1801 | D:3      | Noticed Natasha
  1806 | D:3      | Killed Natasha
  2154 | D:3      | Reached XP level 6. HP: 53/56 MP: 5/5
  2195 | D:3      | Found a faded altar of an unknown god.
  2223 | D:3      | Noticed Grinder
  2246 | D:3      | Paralysed by Grinder for 2 turns
  2248 | D:3      | Killed Grinder
  2248 | D:3      | Reached skill level 1 in Shields
  2369 | D:3      | Noticed Natasha
  2382 | D:3      | Killed Natasha
  2489 | D:3      | Reached *** piety under Trog
  2518 | D:3      | Noticed Jessica
  2520 | D:3      | Killed Jessica
  2520 | D:3      | Reached XP level 7. HP: 62/62 MP: 6/6
  2592 | D:3      | Reached skill level 6 in Long Blades
  2898 | D:3      | Noticed Natasha
  2903 | D:3      | Killed Natasha
  3144 | D:4      | Noticed Sigmund
  3166 | D:4      | Killed Sigmund
  3501 | D:4      | Reached skill level 7 in Long Blades
  3501 | D:4      | Reached skill level 5 in Armour
  3594 | D:4      | Reached XP level 8. HP: 69/70 MP: 7/7
  3861 | D:4      | Found a bloodstained altar of Trog.
  4170 | D:5      | Entered Level 5 of the Dungeon
  4214 | D:5      | Noticed Alannah's ghost (novice MfAs)
  4309 | D:5      | Found a runed translucent gate.
  4309 | D:5      | Found a runed translucent gate.
  4309 | D:5      | Found a runed translucent gate.
  4646 | D:5      | Reached skill level 8 in Long Blades
  4912 | D:5      | Found Feadah's Weapon Shoppe.
  5104 | D:5      | Noticed a +0 hand axe
  5105 | D:5      | Noticed a +0 dagger
  5109 | D:5      | Found a hide-covered altar of Uskayaw.
  5295 | D:5      | Killed Alannah's ghost
  5295 | D:5      | Reached skill level 9 in Long Blades
  5295 | D:5      | Reached XP level 9. HP: 78/78 MP: 5/8
  5380 | D:6      | Found a sand-covered staircase.
  5577 | D:6      | Reached **** piety under Trog
  5608 | Ossuary  | Entered an ossuary
  5834 | Ossuary  | Reached skill level 10 in Long Blades
  5872 | Ossuary  | Got a transparent ivory ring
  5971 | Ossuary  | Identified the ring "Jiyly" {*Tele MR+ Stlth+} (You found
                  | it in an ossuary)
  6072 | D:6      | Found a transporter.
  6310 | D:6      | Got a smoking chain mail
  6495 | D:6      | Identified the cursed +0 ring mail of the Saviour {*Slow
                  | +Blink rCorr}
  6495 | D:6      | Identified the +1 kite shield of Mirhiph {rElec}
  6498 | D:6      | Found a transporter.
  6498 | D:6      | Noticed Quickbrownfox's ghost (novice GrIE)
  6778 | D:6      | Reached skill level 11 in Long Blades
  6901 | D:6      | Identified the cursed +0 chain mail of Decompression
                  | {rElec} (You found it on level 6 of the Dungeon)
  6920 | D:6      | Reached XP level 10. HP: 88/88 MP: 7/9
  6933 | D:6      | Killed Quickbrownfox's ghost
  6933 | D:6      | Reached skill level 5 in Shields
  7293 | D:7      | Reached ***** piety under Trog
  7598 | D:7      | Found a hazy altar of Hepliaklqana.
  8006 | D:7      | Found a staircase to the Ecumenical Temple.
  8110 | D:8      | Found Cyteduqe's General Store.
  8320 | D:8      | Found a staircase to the Lair.
  8332 | D:8      | Reached skill level 5 in Slings
  8582 | D:8      | Noticed a skeletal warrior
  8582 | D:8      | Noticed a skeletal warrior
  8588 | D:8      | Noticed a skeletal warrior
  8899 | D:8      | Found Asottecsenk's Jewellery Emporium.
  9122 | D:8      | Noticed a skeletal warrior
  9123 | D:8      | Killed a skeletal warrior
  9144 | D:8      | HP: 3/90 [skeletal warrior/+0 long sword (3)]
  9145 | D:8      | Mangled by a skeletal warrior

Illustrated notes

Levels and vault maps discovered:
D:1:      dpeg_arrival_pits, layout_basic, hangedman_decor_points
D:2:      layout_basic, gammafunk_temple_overflow_arena, kennysheep_ying_yang
D:3:      layout_loops_corners, chequers_ecumenical_altar_simple_redux,
          roderic_batcave, uniq_grinder, uniq_natasha, uniq_jessica
D:4:      layout_basic, lemuel_doored_altar, uniq_sigmund
D:5:      layout_gridville, dancing_weapons_uskayaw, first_ration,
          gammafunk_ghost_split, serial_shops, shop
D:6:      layout_basic, gammafunk_ghost_gnarly_gnolls, enter_ossuary_1
D:7:      layout_loops_cross, lemuel_crystal_altar, temple_hall, serial_glass,
          glass_columns_b, glass_columns_a, glass_columns_a, glass_columns_a,
          glass_columns_c, glass_columns_b, glass_columns_a, glass_columns_b,
          feat_on_display, feat_on_display, minmay_strange_pillars
D:8:      layout_basic, lair_entry_dummy, serial_shops, shop, shop, basic_altar,
          hangedman_pestilent_swarm

Skill      XL: |  1  2  3  4  5  6  7  8  9 10 |
---------------+-------------------------------+-----
Fighting       | 4 5 6 7 8 |  8.9
Long Blades    | 4 5 7 9 11 | 11.8
Slings         | 1 2 3 4 6 |  6.5
Armour         | 3 4 5 7 8 9 |  9.4
Dodging        | 3 4 |  4.9
Shields        | 1 2 3 4 5 |  5.7

Action                   |  1- 3 |  4- 6 |  7- 9 | 10-12 || total
-------------------------+-------+-------+-------+-------++-------
Melee: Falchion          |    77 |    79 |   370 |   134 ||   660
       Headbutt          |    10 |    14 |   106 |    39 ||   169
 Fire: Hunting sling     |    16 |    15 |     7 |    94 ||   132
Invok: Berserk           |     1 |       |     3 |     1 ||     5
       Trog's Hand       |     1 |       |     3 |     1 ||     5
       Brothers in Arms  |       |       |       |     1 ||     1
  Use: Scroll            |     4 |     3 |     9 |     3 ||    19
       Potion            |       |       |       |     1 ||     1
  Eat: Chunk             |     2 |     5 |    17 |     8 ||    32
Armor: Chain mail        |    47 |    27 |   132 |    52 ||   258
       Animal skin       |     1 |       |       |       ||     1
Dodge: Dodged            |    46 |    35 |   140 |    54 ||   275
Block: Buckler           |     4 |    15 |    78 |    53 ||   150
       Rpst.: Falchion   |    16 |     6 |    53 |     6 ||    81
